 Dungeon Crawl Stone Soup version 0.28.0-43-g3370ac3207 (webtiles) character file.

Game seed: 9878667280433429725

10 Peloso the Covered (level 2, 26/27 HPs)
             Began as a Minotaur Fighter on Mar 27, 2022.
             Got out of the dungeon alive.
             The game lasted 00:00:47 (252 turns).

Peloso the Covered (Minotaur Fighter)                Turns: 252, Time: 00:00:47

Health: 26/27      AC:  8    Str: 20    XL:     2   Next: 10%
Magic:  0/0        EV:  9    Int:  5    God:
Gold:   26         SH:  9    Dex:  9    Spells: 1/1 levels left

rFire   . . .      SeeInvis .   a - +0 long sword
rCold   . . .      Faith    .   c - +0 buckler
rNeg    . . .      Spirit   .   b - +0 scale mail
rPois   .          Reflect  +   f - +1 hat
rElec   .          Harm     .   (no cloak)
rCorr   .          Rampage  .   (no gloves)
Will    .....                   (no boots)
Stlth   ..........              g - amulet of reflection
HPRegen 0.09/turn               (no ring)
MPRegen 0.07/turn               (no ring)

@: no status effects
A: horns 2, retaliatory headbutt, low MP 1, subdued magic 1
a: no special abilities


You escaped.
You visited 1 branch of the dungeon, and saw 1 of its levels.

You collected 26 gold pieces.

Inventory:

Hand Weapons
 a - a +0 long sword (weapon)
Armour
 b - a +0 scale mail (worn)
 c - a +0 buckler (worn)
 f - a +1 hat (worn)
Jewellery
 g - an amulet of reflection (around neck)
Scrolls
 e - a scroll of identify {unknown}
Potions
 d - a potion of might


   Skills:
 + Level 3.9 Fighting
 + Level 2.6 Long Blades
 + Level 3.9 Armour
 + Level 3.8 Shields


You had one spell level left.
You didn't know any spells.
Your spell library contained the following spells:

 Spells                   Type           Power      Damage    Failure   Level
 Corpse Rot               Necr/Air       0%         N/A       95%         2
 Poisonous Vapours        Pois/Air       0%         N/A       95%         2
 Conjure Flame            Conj/Fire      0%         6-21      99%         3
 Ignite Poison            Fire/Tmut/Pois 0%         N/A       99%         3
 Sticky Flame             Conj/Fire      0%         2d3       100%        4
 Borgnjor's Revivificati  Necr           0%         N/A       100%        8
 Necromutation            Tmut/Necr      0%         N/A       100%        8
 Death's Door             Necr           0%         N/A       100%        9


Dungeon Overview and Level Annotations

Branches:
Dungeon (1/15)

Altars:


Innate Abilities, Weirdness & Mutations

You have a pair of horns on your head.
You reflexively headbutt those who attack you in melee.
Your magical capacity is low. (-10% MP)
Your spells are a little easier to cast, but a little less powerful.


Message History

A ball python comes into view.
A ball python is nearby!
A ball python is nearby!
A ball python is nearby!
A ball python is nearby!
You closely miss the ball python. You block the ball python's attack. x2
You slash the ball python!
You kill the ball python!
You have reached level 2!
Found a stone staircase leading down.
A quokka comes into view.
Found a leather armour and a whip.
A quokka is nearby!
A quokka is nearby!
A quokka is nearby!
There is a stone staircase leading down here.
Found a stone staircase leading down.
The quokka barely misses you. The quokka barely misses you.
You block the quokka's attack.
You barely miss the quokka. You block the quokka's attack.
You hit the quokka but do no damage. Your headbutt misses the quokka.
You block the quokka's attack. The quokka closely misses you.
You closely miss the quokka. The quokka bites you.
You closely miss the quokka. You block the quokka's attack.
The quokka barely misses you.
You barely miss the quokka. You block the quokka's attack. x2
You hit the quokka. You headbutt the quokka.
You kill the quokka!
h - an emerald potion It was a potion of mutation.
You feel extremely strange.
Your connection to magic feels subdued.
You feel less energetic.
(D) Dungeon
Where to? (? - help)
What level of the Dungeon? (default 1, ? - help)
Found a runed buckler.
You enter the shallow water.
Moving in this stuff is going to be slow.
There is a large open door here.
There is a staircase leading out of the dungeon here.
Are you sure you want to leave the Dungeon?
This will make you lose the game!
You have escaped!

.##...........##....###..........
....................#.......#####
###..........#........##.##..# #)
###..#....≈≈≈≈≈≈≈≈≈≈##.# #.....
#.##...#≈8≈≈≈≈≈≈8≈#..# ##[.
#####.##..##≈≈8≈≈§≈8≈≈#.### ..
...##....###≈≈≈#§'#≈§≈§...###.
...#...#####≈≈≈#..#≈§≈........
............≈≈≈#@.#≈≈§§.......
...#########≈≈≈####≈≈≈........
...# #≈≈8≈≈≈≈8≈≈........
##.#########≈8≈≈≈≈≈≈8≈........
#.....##....≈≈≈≈≈≈≈≈≈≈........
..............................
...............#..............
..............................
..............................


There were no monsters in sight!

Vanquished Creatures
  A dart slug (D:1)
  A ball python (D:1)
  An endoplasm (D:1)
  A kobold (D:1)
  A quokka (D:1)
  A bat (D:1)
  A frilled lizard (D:1)
  A rat (D:1)
8 creatures vanquished.

Notes
Turn   | Place    | Note
-------+----------+-------------------------------------------
     0 | D:1      | Peloso the Minotaur Fighter began the quest for the Orb.
     0 | D:1      | Reached XP level 1. HP: 19/19 MP: 0/0
   201 | D:1      | Reached XP level 2. HP: 27/27 MP: 1/1
   225 | D:1      | Gained mutation: Your spells are a little easier to cast,
                  | but a little less powerful. [potion of mutation]
   225 | D:1      | Gained mutation: Your magical capacity is low. (-10% MP)
                  | [potion of mutation]
   252 | D:$      | Got out of the dungeon alive.

Illustrated notes

Levels and vault maps discovered:
D:1:      lightli_arrival_boilingwater, layout_rooms, minmay_fountain_box,
          minmay_hedge_maze

Action                   || total
-------------------------++-------
Melee: Long sword        ||    17
       Headbutt          ||     4
  Use: Potion            ||     1
Armor: Scale mail        ||     5
Dodge: Dodged            ||     8
Block: Buckler           ||    11
